 Dungeon Crawl Stone Soup version 0.31-a0-145-g046c7d2549 (webtiles) character file.

Game seed: 6229396876660731963

5533 Gargoyl the Cleaver (level 10, 0/91 HPs)
             Began as a Gargoyle Berserker on June 4, 2023.
             Was a Believer of Trog.
             Slain by a rakshasa (illusionary)
             ... wielding a +0 whip
              (6 damage)
             ... on level 9 of the Dungeon.
             The game lasted 00:10:26 (7139 turns).

Gargoyl the Cleaver (Gargoyle Berserker)            Turns: 7139, Time: 00:10:26

Health: 0/91       AC: 25    Str: 21 (22) XL:     10   Next: 71%
Magic:  10/10      EV:  2    Int:  7      God:    Trog [**....]
Gold:   282        SH:  0    Dex: 11      Spells: 9/9 levels left

rFire   + . .        t - +2 war axe
rCold   . . .        (no shield)
rNeg    + . .        p - melded +0 plate armour
rPois   ∞            (helmet currently unavailable)
rElec   .            (cloak currently unavailable)
rCorr   .            (gloves currently unavailable)
SInv    .            (boots currently unavailable)
Will    +....        (no amulet)
Stlth   +            h - ring of protection from fire
HPRegen 0.35/turn    m - ring of willpower
MPRegen 0.12/turn

%: no passive effects
@: tree-form, on berserk cooldown, attractive, slowed, very slow
A: stationary, stasis, torment immunity, boosted hp, sickness immunity, AC +7,
negative energy resistance 1, (electricity resistance), torment resistance 1,
petrification resistance, (big wings), (horns 1), (iridescent scales 1), clumsy
1, deterioration 1
a: Renounce Religion, Berserk, Trog's Hand


You were on level 9 of the Dungeon.
You worshipped Trog.
Trog was pleased with you.
You were a tree.
You visited 1 branch of the dungeon, and saw 9 of its levels.

You collected 450 gold pieces.
You spent 168 gold pieces at shops.

Inventory:

Hand Weapons
 a - a +1 hand axe
 f - a +1 dire flail of protection
 t - a +2 war axe (weapon)
Missiles
 i - 18 poisoned darts (quivered)
 x - a throwing net
Armour
 l - a +0 helmet
 p - a +0 plate armour (melded)
Jewellery
 h - a ring of protection from fire (left branch)
 m - a ring of willpower (right branch)
 u - an amulet of regeneration
 v - a ring of willpower
Wands
 b - a wand of iceblast (11)
 g - a wand of polymorph (16)
 o - a wand of mindburst (5)
Scrolls
 d - 4 scrolls of teleportation
 n - 2 scrolls of fog
 r - 2 scrolls of identify
Potions
 e - 2 potions of enlightenment
 k - 2 potions of lignification
 q - a potion of ambrosia {unknown}
 s - a potion of heal wounds {unknown}
 w - a potion of resistance {unknown}
 z - a potion of might {unknown}


   Skills:
 + Level 6.5 Fighting
 * Level 11.6 Axes
 + Level 1.1 Throwing
 + Level 6.2 Armour
 * Level 5.1 Dodging
 + Level 1.1 Stealth


You had 9 spell levels left.
You didn't know any spells.
Your spell library was empty.

Dungeon Overview and Level Annotations

Branches:
Dungeon (9/15)             Temple (0/1) D:5            Lair (0/5) D:8
    Orc: D:9-12

Altars:
Ashenzari
Elyvilon
Fedhas
Hepliaklqana
Kikubaaqudgha
Ru
Uskayaw
Wu Jian
Xom

Shops:
D:2 (   D:5 ?


Innate Abilities, Weirdness & Mutations

You are a tree.
Your roots penetrate the ground, keeping you stationary.
You cannot be teleported.
You are immune to unholy pain and torment.
Your maximum health is greatly increased.
Your equipment is partially melded.
You are immune to sickness and miasma.
((Your stone body is resilient. (AC +7)))
You are immune to poison.
You resist negative energy. (rN+)
((You are resistant to electric shocks. (rElec)))
You are resistant to unholy torment.
You are immune to petrification.
((Your large and strong wings let you fly.))
((You have a pair of small horns on your head.))
((You are partially covered in iridescent scales. (AC +2)))
You are clumsy. (Dex -2)
Your body sometimes deteriorates upon taking damage.


Message History

You feel the effects of Trog's Hand fading.
The rakshasa hits you but does no damage.
The rakshasa hits you with a +0 whip!
Unknown command.
You slash the rakshasa!
The rakshasa is severely wounded.
You hit the rakshasa but do no damage.
The rakshasa hits you but does no damage.
The orc warrior throws a boomerang.
The boomerang hits you but does no damage.
The rakshasa blinks!
The rakshasa hits you but does no damage.
The rakshasa gestures at you. The lance of force hits you!!
* * * LOW HITPOINT WARNING * * *
You hear a howl!
You feel better.
The rakshasa hits you but does no damage.
The rakshasa hits you with a +0 whip!
It was a potion of attraction.
You feel attractive to monsters.
Your skin stops crawling.
You feel less strong-willed. The rakshasa barely misses you.
The rakshasa hits you with a +0 whip!
* * * LOW HITPOINT WARNING * * *
The rakshasa hits you with a +0 whip.
* * * LOW HITPOINT WARNING * * *
You feel better.
The rakshasa hits you but does no damage. x2
The rakshasa hits you with a +0 whip.
* * * LOW HITPOINT WARNING * * *
Okay, then.
Aiming: Mindburst
Press: ? - help, Q - select action, (/) - cycle Shift-Dir - straight line, f - rakshasa
Aim: a rakshasa, wielding a +0 whip and wearing a +0 robe (severely wounded, chance to affect: 0%)
The rakshasa resists with almost no effort.
You hear a shout!
The rakshasa hits you with a +0 whip!
* * * LOW HITPOINT WARNING * * *
The rakshasa hits you with a +0 whip.
You die...

##....##
#...##########
##............
#..########## ##.##
### # #..### #.. #h###
##...#####.#
##..R#########.......#
#..oR♣..$.#..###.....#
#.###R###......###...#
... #..#)#.#.###..
.###.#...#.#.#.#### #.
.#.#........... #
#.#.#.#.#.####
#.##.#.#.###..
#.#....###...#
..#..###...#.#


You could see 3 rakshasas, an orc warrior and a howler monkey.

Vanquished Creatures
  A two-headed ogre (D:8)
  3 death yaks
  Prince Ribbit (D:5)
  A steam dragon (D:7)
  Menkaure (D:4)
  A water moccasin (D:6)
  A sky beast (D:7)
  2 black bears
  4 orc warriors
  2 ice beasts
  An ogre (D:5)
  4 centaurs
  2 bullfrogs (D:7)
  A scorpion (D:6)
  A gnoll sergeant (D:9)
  A water moccasin zombie (D:5)
  2 water moccasin skeletons (D:5)
  A wight (D:9)
  A gnoll bouda (D:5)
  4 orc priests
  A bullfrog skeleton (D:5)
  2 hounds
  A scorpion zombie (D:5)
  An iguana (D:7)
  A sleepcap (D:7)
  13 orc wizards
  A hell rat (D:8)
  Robin (D:2)
  14 gnolls
  6 adders
  A shadow imp (D:6)
  3 white imps
  2 worms (D:2)
  41 orcs
  13 ball pythons
  4 bats
  4 endoplasms
  3 giant cockroaches (D:1)
  13 goblins
  8 hobgoblins
  8 jackals
  3 quokkas
  3 frilled lizards
  6 kobolds
  9 rats
197 creatures vanquished.

Notes
Turn   | Place    | Note
-------+----------+-------------------------------------------
     0 | D:1      | Gargoyl the Gargoyle Berserker began the quest for the Orb.
     0 | D:1      | Reached XP level 1. HP: 14/14 MP: 1/1
   179 | D:1      | Reached XP level 2. HP: 9/19 MP: 2/2
   191 | D:1      | Reached skill level 3 in Axes
   575 | D:1      | Reached XP level 3. HP: 11/24 MP: 3/3
   767 | D:1      | Reached ** piety under Trog
  1306 | D:2      | Found Tesegu's Weapon Shop.
  1313 | D:2      | Bought 2 poisoned darts for 12 gold pieces
  1350 | D:2      | Noticed Robin
  1363 | D:2      | Killed Robin
  1364 | D:2      | Reached XP level 4. HP: 29/29 MP: 4/4
  2099 | D:3      | Reached skill level 4 in Axes
  2106 | D:3      | Reached XP level 5. HP: 33/33 MP: 5/5
  2669 | D:4      | Noticed Menkaure
  2679 | D:4      | Killed Menkaure
  2680 | D:4      | Reached XP level 6. HP: 38/38 MP: 6/6
  2823 | D:4      | Reached skill level 5 in Axes
  2887 | D:4      | Reached *** piety under Trog
  2898 | D:4      | Found a broken altar of Ashenzari.
  3025 | D:4      | Noticed an ice beast
  3033 | D:4      | Killed an ice beast
  3222 | D:5      | Entered Level 5 of the Dungeon
  3253 | D:5      | Gained mutation: You have a pair of small horns on your
                  | head. [potion of mutation]
  3253 | D:5      | Gained mutation: You are partially covered in iridescent
                  | scales. (AC +2) [potion of mutation]
  3253 | D:5      | Gained mutation: You have hidden genetic defects. [potion
                  | of mutation]
  3253 | D:5      | Gained mutation: Your large and strong wings let you fly.
                  | [potion of mutation]
  3358 | D:5      | Noticed a black bear
  3366 | D:5      | Killed a black bear
  3367 | D:5      | Reached XP level 7. HP: 44/44 MP: 7/7
  3374 | D:5      | Gained mutation: You are clumsy. (Dex -2) [hidden defects]
  3510 | D:5      | Reached skill level 6 in Axes
  3520 | D:5      | Gained mutation: Your body sometimes deteriorates upon
                  | taking damage. [hidden defects]
  3520 | D:5      | Lost mutation: You have hidden genetic defects. [hidden
                  | defects expressed]
  3649 | D:5      | Noticed Prince Ribbit
  3656 | D:5      | Killed Prince Ribbit
  3657 | D:5      | Reached skill level 7 in Axes
  3657 | D:5      | Reached XP level 8. HP: 48/48 MP: 8/8
  3693 | D:5      | Found an ancient bone altar of Kikubaaqudgha.
  3693 | D:5      | Found a sacrificial altar of Ru.
  3693 | D:5      | Found a blossoming altar of Fedhas.
  3698 | D:5      | Found a hazy altar of Hepliaklqana.
  3698 | D:5      | Found an ornate altar of the Wu Jian Council.
  3699 | D:5      | Found a shimmering altar of Xom.
  3770 | D:5      | Found a white marble altar of Elyvilon.
  3947 | D:5      | Found a staircase to the Ecumenical Temple.
  3982 | D:5      | Found Muuj's Magic Scroll Shop.
  3985 | D:5      | Bought a scroll of teleportation for 39 gold pieces
  3985 | D:5      | Bought a scroll of teleportation for 39 gold pieces
  3985 | D:5      | Bought a scroll of teleportation for 39 gold pieces
  3985 | D:5      | Bought a scroll of teleportation for 39 gold pieces
  4350 | D:6      | Reached skill level 8 in Axes
  4524 | D:6      | Reached skill level 5 in Fighting
  4636 | D:6      | Reached XP level 9. HP: 39/54 MP: 9/9
  4833 | D:6      | Identified the +0 leather armour of Limitation {rPois Int+2
                  | Slay-6}
  4993 | D:7      | Reached skill level 9 in Axes
  5240 | D:7      | Reached skill level 1 in Stealth
  5761 | D:8      | Noticed a two-headed ogre
  5776 | D:8      | Killed a two-headed ogre
  5777 | D:8      | Reached skill level 1 in Throwing
  5777 | D:8      | Reached skill level 5 in Armour
  5826 | D:8      | Found a hide-covered altar of Uskayaw.
  5895 | D:8      | Reached skill level 10 in Axes
  6021 | D:8      | Noticed a death yak
  6022 | D:8      | Found a staircase to the Lair.
  6022 | D:8      | Noticed a death yak
  6023 | D:8      | Noticed a death yak
  6042 | D:8      | Killed a death yak
  6043 | D:8      | Reached XP level 10. HP: 16/60 MP: 10/10
  6181 | D:7      | Killed a death yak
  6233 | D:7      | Killed a death yak
  6234 | D:7      | Reached skill level 11 in Axes
  6773 | D:9      | Reached skill level 5 in Dodging
  7119 | D:9      | Noticed a rakshasa
  7139 | D:9      | Slain by a rakshasa (illusionary)

Illustrated notes

Levels and vault maps discovered:
D:1:      dpeg_arrival_shrine, layout_basic, chequers_serial_rivers_micro_b,
          minmay_misc_feat_enclosed, amethyst_killhole
D:2:      layout_rooms, serial_shops, nicolae_shop_advertising_works
          [nicolae_subvault_shop_adworks], uniq_robin
D:3:      layout_loops_corners, amcnicky_mini_pool_small
D:4:      layout_rooms, nicolae_ashenzari_skybound, uniq_menkaure
D:5:      layout_basic, nicolae_elyvilon_temple_path,
          grunt_temple_overflow_open, minmay_temple_entry_poolview,
          serial_shops, nicolae_shop_behind_doors, serial_undead,
          serial_undead_b, serial_undead_f, serial_undead_e, serial_undead_e,
          uniq_prince_ribbit1
D:6:      layout_basic
D:7:      layout_loops_ring, minmay_circle_x
D:8:      layout_basic, lemuel_round_altar, dpeg_lair_monsters
D:9:      minmay_the_grid_four_pointed_star
          [minmay_the_grid_triangle_9x9_skeleton,
          minmay_the_grid_triangle_9x9_corrupted_corridor,
          minmay_the_grid_triangle_9x9_fully_insulated_deathbox,
          minmay_the_grid_triangle_9x9_zippers_vertical,
          minmay_the_grid_prize_shrinking_boxes], layout_loops_ring,
          grunt_ministairs_1, minivault_16, corexii_leaking_fountain

Skill      XL: |  1  2  3  4  5  6  7  8  9 10 |
---------------+-------------------------------+-----
Axes           | 3 4 5 7 8 10 11 | 11.6
Dodging        | 2 3 4 5 |  5.1
Fighting       | 4 5 6 |  6.5
Armour         | 3 4 5 6 |  6.2
Stealth        | 1 |  1.1
Throwing       | 1 |  1.1

Action                     |  1- 3 |  4- 6 |  7- 9 | 10-12 || total
---------------------------+-------+-------+-------+-------++-------
  Melee: Hand axe          |   123 |   101 |       |       ||   224
         Punch             |       |     3 |     1 |     1 ||     5
         War axe           |       |    21 |   254 |   107 ||   382
         Headbutt          |       |     1 |    46 |    24 ||    71
  Throw: Dart              |       |       |     6 |       ||     6
 Invoke: Berserk           |     1 |     3 |    10 |     7 ||    21
         Trog's Hand       |       |     3 |     7 |     8 ||    18
  Evoke: Wand              |       |       |       |     1 ||     1
    Use: Scroll            |     1 |     8 |     6 |     1 ||    16
         Potion            |       |     1 |       |     5 ||     6
 Armour: Animal skin       |    15 |       |       |       ||    15
         Ring mail         |    22 |       |       |       ||    22
         Chain mail        |    10 |    66 |       |       ||    76
         Plate armour      |       |     8 |   178 |    80 ||   266
         Skin              |       |       |       |     9 ||     9
  Dodge: Dodged            |    71 |    60 |    86 |    64 ||   281

Table legend: (Time is in decaauts)
 A = Elapsed time spent in this place.
 B = Non-inter-level travel time spent in this place.
 C = Inter-level travel time spent in this place.
 D = Time resting spent in this place.
 E = Time spent auto-exploring this place.
 F = Levels seen in this place.
 G = Mean time per level.
                   A        B        C        D        E       F      G
               +--------+--------+--------+--------+--------+-----+--------+
         Total |   7380 |   7236 |    144 |    302 |   5358 |   9 |  820.0 |
       Dungeon |   7380 |   7236 |    144 |    302 |   5358 |   9 |  820.0 |
               +--------+--------+--------+--------+--------+-----+--------+

Top non-repeatable levels by time:
     D:1: 1264 daAuts
     D:7: 1057 daAuts
     D:5: 1017 daAuts
     D:8: 871 daAuts
     D:3: 826 daAuts
     D:6: 758 daAuts
     D:2: 605 daAuts
     D:4: 578 daAuts
     D:9: 401 daAuts
